[Event "Norway Chess 2025"]
[Site "Chess.com"]
[Date "2025.06.01"]
[Round "6"]
[White "Gukesh D"]
[Black "Carlsen, Magnus"]
[Result "1-0"]
[ECO "C65"]
[WhiteElo "2787"]
[BlackElo "2837"]
[Annotator "Rafael Leitao"]
[PlyCount "123"]
[EventDate "2025.??.??"]
[TimeControl "40/7200:0"]

1. e4 e5 2. Nf3 Nc6 3. Bb5 Nf6 {After having trouble with the classical Ruy Lopez and 4...a6 in his previous game against Caruana, Carlsen decides to play the Berlin. He often alternates between these two options as his main weapon with Black against the king's pawn.} 4. d3 Bc5 5. c3 O-O 6. O-O (6. Bxc6 $6 {White shouldn't attempt to capture the e5-pawn. After} bxc6 7. Nxe5 d5 {Black has the initiative.}) 6... d6 7. h3 a6 8. Ba4 (8. Bxc6 {changes the character of the game and is an important alternative.} bxc6 9. d4 {Slower play with 9.Nbd2 or 9.Re1 is also possible.} Bb6 (9... exd4 $6 {The early exchange gives the white knight a comfortable square on c3.} 10. cxd4 Bb6 11. Nc3) 10. Re1 (10. dxe5 {is worse, since Black is better after} Nxe4) 10... Re8 {with chances for both sides.}) 8... h6 {The always useful prophylactic move, preventing the pin with Bg5.} (8... Ba7 {is another classical always useful move in the Spanish and Italian openings and is usually played here.}) 9. Re1 b5 10. Bc2 Bb6 11. Nbd2 {A typical Ruy Lopez position with the bishop on b6 instead of e7, resembling the Arkhangelsk Variation.} Ne7 {The well-known knight maneuver to g6.} (11... Be6) (11... Re8) 12. a4 Rb8 (12... Bb7 {is the alternative.}) 13. d4 Ng6 14. Nf1 (14. a5 $1 {White should consider playing this move, since it won't be possible to play it after c7-c5.} Ba7 15. Nf1 c5 16. Ng3 {White will continue with Be3 and is fighting for the initiative.}) 14... c5 15. Ng3 cxd4 {The first new move of the game.} (15... Qc7 {was played in Friedrich-Schmider, Munich Laimer op 2023.}) 16. cxd4 bxa4 17. Bxa4 {White has a few options:} (17. Nf5 $6 {is premature, since Black can reply} d5 $1) (17. Be3 {is possible. At first I thought this was bad due to} Ba5 {and the b2-pawn can be captured, but this isn't clear. After} 18. Rf1 Rxb2 19. Qc1 $1 {White has the tactical idea of sacrificing the bishop on h6.}) (17. Rxa4 {is a solid move, keeping the game more or less equal.}) 17... Bb7 18. d5 a5 19. Be3 Bc8 $1 {Even without White making a clear mistake, the position is already preferable for Black. From here on, things will quickly get worse for Gukesh. The idea of the move played is to improve the bishop and also the rook on b8.} 20. b3 (20. Nd2 {seems to be better.}) 20... Bxe3 21. Rxe3 Nf4 {Black has firm control of the dark squares and attacking chances on the kingside, with the bishop sac on h3 hanging in the air.} 22. Bc6 Rb4 {There are already many tempting moves.} (22... Bxh3 {is possible, but it's unnecessary to go for such complications when you have a clear positional advantage.} 23. gxh3 Nxh3+ 24. Kg2 Ng4 $1 25. Rc3 {with good chances for Black, but the position has become sharp.}) (22... h5 $5 {is suggested by the machine as a good alternative. This is a thematic move to improve the pawn structure on the kingside with h5-h4.}) 23. Qc2 $6 (23. Nd2 {is better. Let's follow a variation that, though not forced, is quite interesting and logical:} Ba6 24. Qc2 h5 $1 25. Qa2 {White goes after the a5-pawn.} h4 26. Qxa5 hxg3 27. Qxd8 (27. fxg3 {is bad:} Ne2+ 28. Kf2 Rb6 $1 {defending the bishop.}) 27... gxf2+ 28. Kxf2 Rxd8 29. Rxa6 Rd4 30. Ra2 Nd3+ 31. Kf3 Nb4 32. Rb2 {Black has excellent compensation for the pawn, but it's unclear whether this will be enough to push for a win.}) 23... g6 $1 {This seemingly harmless move is actually very deep. Apart from giving air to the king and extra support for h6-h5, Carlsen takes the f5-square from White's knight. This is useful in preparation for the bishop sac on h3, followed by Qc8.} 24. Kh1 {This mysterious move is intended to guard against the sac on h3, giving the knight a square to return to g1 if necessary.} (24. Ne2 {can be met by} Bxh3 (24... g5 {is also very good.}) 25. gxh3 $6 Nxh3+ 26. Kg2 Nxf2 {with a strong initiative for Black.}) (24. Qa2 {White is not in time to attack the pawn on a5, since now Black can play the standard} Bxh3 $1 25. gxh3 Qc8 {with a winning attack.}) 24... Ba6 {The bishop goes to another very useful diagonal.} 25. Qa2 Bd3 $1 26. Nd2 {Protecting e4 and b3.} h5 $1 {Preparing to drive the knight from g3 and destroy White's position. Black has achieved a winning advantage.} 27. Qxa5 Qxa5 28. Rxa5 h4 29. Ra4 $5 {An interesting attempt to offer resistance, using the idea that the capture on g3 isn't yet winning since the bishop on d3 will be hanging.} (29. Ngf1 {Here Black can win in many ways. One of them is} Bxf1 30. Nxf1 Nxe4) 29... Rfb8 $1 {White is nearly in zugzwang: his pieces can't go anywhere.} 30. Ra2 (30. Rxb4 Rxb4 {and White has nothing to do.}) (30. Ngf1 Bxf1 31. Nxf1 Rxb3 32. Rxb3 Rxb3 {despite the few pieces left, White is dead lost.}) 30... Kg7 {A remarkably calm move.} (30... hxg3 {is winning on the spot.} 31. fxg3 Ne2 $1 32. Rxd3 Nc1 33. Rf3 {Maybe Carlsen played the king to g7 in order to protect the knight on this line.} Nxa2 34. Rxf6 Nc3 35. Rxd6 Rd4 36. Nf3 Nxe4 {with an easy win.}) 31. Ra7 Rd4 {The bishop on d3 is protected, and Black is definitely threatening to capture the knight now.} 32. Nf3 (32. Ngf1 Bxf1 33. Nxf1 Nxe4 {offers little hope for White. The pawns on b3 and d5 will likely fall in the next moves.}) 32... hxg3 33. fxg3 Nxh3 (33... Bxe4 $1 {is a cleaner win with a beautiful idea.} 34. gxf4 (34. Nxd4 exd4 35. Rxe4 Nxe4 36. gxf4 d3 {The d-pawn decides the game.}) 34... Rd1+ 35. Kh2 (35. Re1 Bxf3 {loses a piece.}) (35. Ne1 exf4 36. Re2 f3 $1) 35... exf4 36. Rc3 Ng4+ $1 {This hurts.} 37. hxg4 Rh8+ 38. Nh4 Rxh4+ 39. Rh3 Rxh3+ 40. gxh3 Rh1#) 34. gxh3 (34. Nxd4 exd4 35. Rxd3 Nf2+ {Knights are tricky pieces.}) 34... Bxe4 35. Kh2 {In the next few moves, Carlsen will continue to have many opportunities to win the game directly: the computer here gives him a five-point advantage. Although this game will be remembered for the dramatic blunder at the end, it's important to point out that for me a miscalculation that loses the game isn't the strangest thing, but rather the fact that a player who never gives his opponent a chance has, for some reason, let his opponent survive in this position.} Rd1 (35... Bxf3 36. Rxf3 e4 {wins right away:} 37. Re3 Rd3 38. Rxd3 exd3 39. Ra2 Ne4 {The d-pawn rushes for glory.}) 36. g4 Bxd5 (36... Bxf3 37. Rxf3 {is winning again, similar to the move before.} e4) (36... Rh8 {is also very convincing:} 37. Kg3 Bxd5 ({or} 37... Bxf3 38. Rxf3 Ne4+ 39. Kg2 Rd2+ 40. Kf1 Ng5 {with an easy win.}) 38. Bxd5 Nxd5 {White is a pawn down and under attack.}) 37. Bxd5 Nxd5 38. Re2 Nf4 (38... Nc3 39. Rc2 Nb5 {This is winning for Black without much trouble, for instance:} 40. Rd7 Kf6 $1 {followed by Ke6.}) (38... Rxb3 {is also possible:} 39. Ng5 Rf1 {and Black should also win.}) 39. Rc2 Kf6 {Again there are good alternatives:} (39... Rxb3 40. Ng5 Rdd3 $1 41. Rxf7+ Kh6 42. h4 Rh3+ 43. Nxh3 Rxh3+ 44. Kg1 Rxh4 {Black has three pawns for the exchange.}) (39... Ne6 {is also winning.}) 40. h4 Ke6 {The king marches to the middle of the board.} 41. Ng5+ Kd5 42. Ra5+ Kd4 43. Ra4+ (43. Nxf7 {Black is able to start an attack:} Rxb3 44. Ng5 Rbb1) 43... Kd3 44. Rf2 f6 $2 {This move makes the win problematic.} (44... Rh8 $1 {is the simpler way to win.}) 45. Rf3+ Ke2 46. Ra2+ (46. Re4+ {is also possible, with an idea so pretty it resembles a composition:} Kd2 47. Ra4 $3 {The point is that if Black captures the knight, then White finds a surprising draw after} fxg5 $2 48. Ra2+ Kc1 49. Rff2 $1 Rxb3 50. Ra1+ Rb1 51. Raa2 {Black is unable to escape perpetual check. An amazing variation.}) 46... Rd2 47. Rxd2+ Kxd2 48. Ne4+ Ke2 49. Kg3 {Maybe Black can still win this position, but it's not clear at all. I couldn't find anything convincing.} d5 50. Nxf6 Rf8 51. Rf2+ Ke1 52. Nd7 (52. g5 {is also possible, and it seems to lead to a draw as well.}) 52... Ne2+ $4 {The blunder everybody will be talking about for a long time. I just want to make it clear that Black wasn't winning anymore.} (52... Re8 {White can make a draw in more than one way.} 53. Nxe5 (53. Rxf4 {is also good:} exf4+ 54. Kxf4 d4 55. Nc5 $1 Ke2 56. h5 gxh5 57. gxh5 d3 58. Nxd3 Kxd3 59. h6 {and so on.}) 53... Ne2+ 54. Rxe2+ Kxe2 55. Kf4 d4 (55... g5+ 56. hxg5 Rf8+ 57. Kg3 {This looks clever for Black, but it's a draw anyway.}) 56. Nc4 $1 {The only move.} (56. h5 $2 gxh5 57. gxh5 Rxe5 58. Kxe5 d3 59. h6 d2 60. h7 d1=Q 61. h8=Q Qa1+ {winning the queen.}) 56... d3 57. h5 gxh5 58. gxh5 d2 59. Nxd2 Kxd2 60. h6 {and a draw.}) 53. Rxe2+ Kxe2 54. Nxf8 d4 55. Ne6 d3 56. Nc5 {As I wrote before in this game and many more times before, knights are tricky pieces. It can confuse even the best of the best.} (56. Ng5 {also wins.}) 56... Ke3 (56... d2 57. Ne4 d1=Q 58. Nc3+ {This is an old method for a knight dealing with a passed pawn.}) 57. Na4 $1 e4 58. h5 gxh5 59. gxh5 Kd2 60. Nb2 e3 (60... Kc2 {also loses:} 61. Nc4 d2 62. Ne3+) 61. Nc4+ Ke2 62. Kf4 {The e3-pawn falls. Gukesh's first-ever win against Carlsen in a classical game probably wasn't as he expected, but I guess he will take it anyway.} 1-0

[Event "Norway Chess 2025"]
[Site "Stavanger, Norway"]
[Date "2025.05.27"]
[Round "2.2"]
[White "Nakamura, Hikaru"]
[Black "Carlsen, Magnus"]
[Result "1/2-1/2"]
[ECO "C78"]
[WhiteElo "2804"]
[BlackElo "2837"]
[Annotator "Chess.com"]
[PlyCount "67"]
[EventDate "2025.??.??"]
[TimeControl "40/7200:0"]

1. e4 e5 2. Nf3 Nc6 3. Bb5 a6 4. Ba4 Nf6 5. d3 Bc5 6. O-O d6 7. c3 O-O 8. Nbd2 Ba7 9. h3 Ne7 10. Re1 Ng6 11. Nf1 d5 12. exd5 Nxd5 13. d4 $6 {This leads to trouble—when played in the earlier Nakamura-Caruana game, Black still had a bishop on c5.} (13. Ng3 {was suggested by Carlsen first, and it does seem to keep the position rock-solid.}) (13. Bc2 {is an alternative.}) 13... exd4 14. Nxd4 c5 $1 {Carlsen seizes the chance to expand on the queenside.} 15. Nf3 b5 $1 16. Bc2 Bb7 17. a4 c4 $1 18. Bd2 $6 {Both a shaky move, and one that cost Nakamura 31 minutes, leaving him over 40 minutes down on the clock.} Qc7 19. Nd4 $6 b4 $1 {This is the high-water mark of Carlsen's advantage. He's 24 minutes up on the clock and close to winning, according to the computer, but from here Nakamura begins to play fast and equalize the game.} 20. Qg4 Rae8 21. Rad1 bxc3 $6 {The first misstep of the whole game by the world number-one.} (21... b3 $1 {or}) (21... Nf6 $1 {keep a bigger edge.}) 22. bxc3 Nf6 23. Qg3 Qa5 $5 24. Qg5 {Offering an exchange of queens.} Qxg5 $6 {Carlsen accepts, thinking he can do his thing of pushing in the endgame, but it turns out he's soon no better. It's also notable that in playing this move, he dropped lower on the clock than Nakamura.} (24... Qc7 {is the computer suggestion, but it's always tough to reverse your previous move.}) 25. Bxg5 Ne4 26. Bxe4 Bxe4 {Black has the bishop pair, but the position is too unstable.} 27. Nd2 Bd5 28. Nc2 Rxe1+ 29. Rxe1 Rc8 30. Nb4 Bb7 31. Ne4 (31. Nxc4 {was also possible, illustrating how tricky things have become e.g.} Rxc4 32. Re8+ Nf8 33. Re7) 31... a5 $1 {Here it's Carlsen who needs to be precise $1} (31... f6 $5 32. Nd6 $1 {again highlights issues in Black's camp.}) 32. Nd6 Rb8 33. Nc2 Bc6 $1 {One last precise move.} 34. Be3 $1 {Mass exchanges would likely now follow, but neither player had an urge to play on in this position with six minutes on their clock, and a draw was agreed.} 1/2-1/2

[Event "13th Norway Chess 2025"]
[Site "Stavanger NOR"]
[Date "2025.05.31"]
[Round "5"]
[White "Caruana, Fabiano"]
[Black "Carlsen, Magnus"]
[Result "1/2-1/2"]
[ECO "C85"]
[WhiteElo "2776"]
[BlackElo "2837"]
[Annotator "Rafael Leitao"]
[PlyCount "133"]
[EventDate "2025.05.26"]
[TimeControl "40/7200:0"]

1. e4 e5 2. Nf3 Nc6 3. Bb5 a6 4. Ba4 Nf6 5. O-O Be7 6. Bxc6 dxc6 7. Re1 {Este sistema de abertura foi jogado na primeira partida do match Nepomniachtchi-Ding em 2023. Embora tenha sido discutido apenas uma vez na disputa, este lance agora é testado de vez em quando por Grandes Mestres fortes.} Nd7 {O lance principal, mas 7...Bg4 e 7...Dd6 são alternativas importantes.} (7... Bg4) (7... Qd6) 8. d4 Bf6 {Um lance muito raro, jogado em apenas uma partida de GM na histórica Olimpíada de Buenos Aires em 1978.} (8... exd4 {foi o lance jogado por Ding e pela esmagadora maioria dos jogadores de xadrez.}) 9. Be3 {Simplesmente reforçando o centro. Isso é melhor do que trocar em e5 para jogar o final.} ({Após} 9. dxe5 Nxe5 10. Qxd8+ Kxd8 11. Nxe5 Bxe5 12. Nd2 Be6 13. Nf3 Bf6 14. Bg5 Ke7 {a estrutura de peões melhor não é suficiente para oferecer vantagem às Brancas.}) (9. c3 {é semelhante à partida.}) 9... O-O 10. c3 {Um lance novo e lógico. Caruana quer terminar o desenvolvimento com Dc2-Tad1 e lutar por uma vantagem com seu bom controle central.} (10. Nc3 {foi jogado em Ermenkov-Hernandez Onna, Olimpíada de Buenos Aires 1978.}) 10... Re8 11. Nbd2 {Acho que o experimento na abertura foi um sucesso para as Brancas, já que não é fácil jogar com as Negras.} exd4 {Abrir mão do centro não é o ideal, mas é necessário para mover o cavalo de f8.} ({O imediato} 11... Nf8 $2 {é ruim devido a} 12. dxe5 Bxe5 13. Nxe5 Rxe5 14. f4 Re8 15. f5 {com uma vantagem esmagadora para as Brancas, graças à sua estrutura de peões muito superior.}) (11... b6 $5 {é um plano alternativo, e eu posso imaginar muitos jogadores tentando-o. As Negras simplesmente querem desenvolver o bispo em b7. As Brancas mantêm uma pequena vantagem após} 12. Qc2 (12. Nc4 $6 {é pior:} exd4 13. Bxd4 c5 14. Bxf6 Nxf6 {e as Negras não têm problemas.}) 12... Bb7) (11... a5 {é um lance sutil, uma ideia parecida com a que Carlsen joga mais tarde na partida.}) 12. cxd4 Nf8 13. Qc2 Ng6 14. h3 {As Brancas melhoram a posição calmamente.} a5 $5 {Tentando ganhar espaço na ala da dama. Após a5-a4, há também uma pequena chance de a torre entrar em jogo usando a casa a5, falaremos mais sobre isso depois.} (14... Be6 15. Rad1 {com a iniciativa das Brancas.}) 15. Rad1 (15. a4 {para o avanço do peão, mas as Negras podem usar a casa b4 depois de} Be7) 15... a4 16. Nb1 $1 {Uma excelente manobra para melhorar o cavalo.} Be7 17. Nc3 Bb4 (17... a3 $5 {As Negras podem considerar jogar esse lance antes de colocar o bispo em b4.}) 18. d5 {Caruana joga o meio-jogo com muita energia.} (18. a3 {é uma abordagem mais simples e também possível. Após} Bxc3 19. bxc3 {As Brancas mantêm uma pequena vantagem. Se conseguirem avançar os peões no centro, a posição das Negras pode se tornar perigosa.} (19. Qxc3 $2 {perde um peão:} Rxe4)) 18... Qe7 $6 {Carlsen tinha que encontrar um lance muito difícil sugerido pela máquina para ter chances realistas de igualar.} (18... cxd5 $2 {é errado:} 19. Nxd5 Bxe1 $2 20. Nxc7 {com uma vantagem decisiva.}) (18... Nh4 $1 {é o lance recomendado pelo computador. Após} 19. Nxh4 Qxh4 {surpreendentemente, as Negras estão mais ou menos bem, com um possível sacrifício de bispo em h3 pairando no ar.}) 19. a3 Bd6 (19... Bxc3 20. Qxc3 cxd5 21. exd5 {É perigoso para as Negras abrir a posição devido ao desenvolvimento superior das Brancas.}) 20. Bd4 {As Negras estão sob forte pressão.} (20. dxc6 bxc6 {As Brancas têm uma vantagem estável e muitas ideias promissoras. Uma delas é} 21. Bg5 $5 (21. Nxa4 Qxe4 {não é tão convincente.}) 21... f6 22. Bc1 {seguido pela captura do peão de a4.}) 20... Qd7 $1 {O único lance. Carlsen, aliás, encontrará vários lances difíceis e forçados nesta partida, que é uma verdadeira aula de defesa.} (20... c5 $2 {perde forçado:} 21. e5 $1 cxd4 22. exd6 Qf8 23. Nb5 {com uma vantagem esmagadora.}) (20... f6 {impede e4-e5, mas perde um peão:} 21. dxc6 bxc6 22. Nxa4) 21. e5 $1 {Caruana ataca da maneira mais eficiente.} (21. dxc6 Qxc6 {é defensável.}) (21. Nxa4 Nf4 $1 {é uma excelente recomendação da máquina, com a ideia de sacrificar o cavalo em h3 ou g2. As Negras conseguem alcançar um contra-ataque repentino.} (21... cxd5 22. Nc3 Nf4 {também é possível.})) 21... Bf8 22. e6 $1 (22. d6 {é menos perigoso. As Negras estão bem depois de} cxd6 23. exd6 Rxe1+ 24. Nxe1 Qf5 $1) 22... fxe6 23. dxe6 (23. dxc6 {também é interessante. Depois de} Qxc6 24. Ne5 $1 Nxe5 25. Bxe5 {as Brancas sacrificam um peão, mas tem excelente compensação. O plano é mover a dama para g4 e o cavalo para e4 com um ataque.}) 23... Rxe6 24. Ne4 {A situação é crítica, mas Carlsen encontra um lance brilhante.} Ra5 $3 {O único lance. A torre entra no jogo no momento certo. Qualquer outra coisa simplesmente perde.} (24... Qe8 $2 25. Neg5) (24... Bd6 $2 25. Nfg5) (24... h6 $2 25. Nf6+) 25. Bc5 (25. Nfg5 $2 {não funciona mais com a torre em a5.} Rxg5 $1 26. Nxg5 Rxe1+ 27. Rxe1 Qxd4 {ganhando material.}) 25... Qe8 26. Qc3 (26. Qc4 $5 {também é muito perigoso. As Negras precisam encontrar vários lances difíceis para sobreviver.} b6 $1 27. Nfg5 Ne5 28. Qe2 {Vamos seguir a principal linha recomendada pelo computador:} bxc5 29. Nxe6 Bxe6 30. f4 {As Negras têm problemas na coluna 'e', mas há uma saída.} Bb3 $1 31. fxe5 c4 $3 {A torre está salvando o dia novamente.} (31... Bxd1 32. Rxd1 {deixa as Negras com problemas posicionais.}) 32. Rc1 Rxe5 {com contra-jogo.}) 26... b6 27. Bxf8 Nxf8 (27... Qxf8 $2 {perde para} 28. Nd4) 28. Neg5 Rxe1+ 29. Rxe1 Qd8 (29... Qg6 {é mais preciso quando as Negras estão próximas da igualdade.}) 30. Qxc6 h6 31. Ne4 Be6 $6 (31... Qd7 $1 {é melhor.}) 32. Nc3 Qd7 33. Qxd7 Bxd7 34. Re7 {As Negras ainda não estão fora de perigo.} Rc5 $6 (34... Rf5 $1 35. Ne5 Be6 {dá melhores chances de defesa.}) 35. Ne5 Bf5 36. g4 $6 (36. Nxa4 {não é muito preciso:} Rc1+ 37. Kh2 Rc2 {com chances de empate.}) (36. Re8 $1 {é muito desagradável para as Negras.} g5 (36... Kh7 37. Rxf8 Rxe5 38. Nxa4 {com um peão a mais no final.}) 37. g4 Be6 38. Ng6 Bf7 (38... Kf7 $2 39. Nxf8 Kxe8 40. Nxe6) 39. Rxf8+ Kg7 40. Ra8 Kxg6 41. Rxa4 {Talvez as Negras ainda consigam escapar com uma defesa perfeita, mas será uma longa tortura jogar o final com um peão a menos.}) 36... Ng6 $1 37. Re8+ Kh7 38. f4 (38. Nxg6 Bxg6 {seguido por b6-b5, defendendo o peão de a4.}) 38... Nxe5 39. Rxe5 Rxe5 40. fxe5 Bd7 (40... Bd3 {é uma boa alternativa:} 41. Nxa4 Kg6 {com um empate provável.}) 41. Nd5 Kg6 42. Nxc7 Kf7 43. Kf2 {As Negras precisam encontrar a ordem correta dos lances para alcançar o empate. Carlsen finalmente comete um erro claro.} g5 $2 (43... Bc6 $1 {é o único caminho.} 44. Ke3 (44. h4 g5 $1 45. hxg5 hxg5 46. Ke3 Bd7 {A pressão em g4 salva as Negras.}) 44... Bg2 $1 {chegou na hora certa $1} (44... g5 $2 45. Kd4 {as Brancas vencem, como veremos na análise da partida.}) 45. h4 g5 $1 46. hxg5 hxg5 {Novamente as Negras estão prontas para atacar o peão de g4.} 47. Nb5 Ke6 48. Kd4 (48. Nc3 Kxe5 49. Nxa4 b5 {e parece que as Brancas não conseguem vencer, mesmo estando com um peão a mais.}) 48... Bf3 49. Nc3 Bxg4 50. Nxa4 Bf3 51. Nxb6 g4 {O peão de g custará material às Brancas: ou o cavalo, ou o peão de e.}) 44. Nd5 $2 {Carlsen deixa passar um ganho.} (44. Ke3 $1 Bc6 45. Kd4 Bg2 46. Nd5 $1 Ke6 (46... Bxh3 {A questão é que as Brancas podem jogar} 47. Ne3 $1 {quando o bispo está preso.}) 47. Nxb6 Bxh3 48. Nxa4 Bxg4 49. Nc5+ Ke7 50. b4 $1 {Os peões das Brancas são mais rápidos, por exemplo:} h5 51. b5 h4 52. Ke3 $1 {quando o rei se aproxima do peão de h.}) 44... Ke6 45. Nf6 (45. Nxb6 Bb5 {seguido da captura do peão de e5.}) 45... Bc8 46. Ng8 Kxe5 47. Nxh6 Be6 48. Ke3 b5 49. Nf5 Bxf5 50. gxf5 Kxf5 {O empate fica claro.} 51. Kf3 Kf6 52. Kg4 Kg6 53. Kg3 Kh5 54. Kf3 Kh4 55. Kg2 g4 56. hxg4 Kxg4 57. Kf2 Kf4 58. Ke2 Ke4 59. Kd2 Kd4 60. Kc2 Kc4 61. b3+ axb3+ 62. Kb2 b4 63. a4 Kd5 64. Kxb3 Kc5 65. a5 Kb5 66. a6 Kxa6 67. Kxb4 {Uma luta maravilhosa entre dois gigantes do jogo.} 1/2-1/2